 Dungeon Crawl Stone Soup version 0.26-a0-537-g96b2eae49b (webtiles) character file.

Game seed: 6681795918945262018

127 MrRokkomies the Bolt Thrower (level 4, -5/38 HPs)
             Began as a Demigod Wanderer on Aug 14, 2020.
             Killed by divine providence
             ... invoked by an orc priest
              (14 damage)
             ... on level 4 of the Dungeon.
             The game lasted 00:05:03 (3519 turns).

MrRokkomies the Bolt Thrower (Demigod Wanderer)     Turns: 3519, Time: 00:05:03

Health: -5/38      AC:  9    Str: 16    XL:     4   Next: 56%
Magic:  6/6        EV:  7    Int: 18    God:
Gold:   155        SH:  0    Dex: 14    Spells: 3/3 levels left

rFire    . . .     SeeInvis .   a - +3 hand crossbow
rCold    . . .     Faith    .   (no shield)
rNeg     . . .     Spirit   .   t - +0 chain mail
rPois    .         Reflect  .   (no helmet)
rElec    .         Harm     .   (no cloak)
rCorr    .                      f - +0 pair of gloves
MR       .....                  (no boots)
Stlth    ..........             (no amulet)
HPRegen  0.12/turn              e - ring of flight
MPRegen  0.10/turn              (no ring)

@: no status effects
A: high mp 1
a: Evoke Flight


You were on level 4 of the Dungeon.
You visited 1 branch of the dungeon, and saw 4 of its levels.

You collected 155 gold pieces.

Inventory:

Hand Weapons
 a - a +3 hand crossbow (weapon)
 b - a +0 mace
Missiles
 g - 44 bolts (quivered)
 m - 8 poisoned darts
 p - a throwing net
Armour
 f - a +0 pair of gloves (worn)
 t - a +0 chain mail (worn)
Jewellery
 e - a ring of flight (left hand)
Wands
 n - a wand of paralysis (7)
Scrolls
 i - 2 scrolls of teleportation
 j - 2 scrolls of identify
 r - a scroll of remove curse
Potions
 c - a potion of lignification
 d - 2 potions of curing
 h - a potion of flight
 k - a potion of mutation
 l - a potion of brilliance
 s - a potion of stabbing


   Skills:
 * Level 3.2 Fighting
   Level 1.0 Polearms
 * Level 3.2 Crossbows
 - Level 1.7 Throwing
 + Level 1.7 Armour
 - Level 2.0 Dodging


You had 3 spell levels left.
You didn't know any spells.
Your spell library was empty.

Dungeon Overview and Level Annotations

Branches:
Dungeon (4/15)
 Temple: D:4-7

Annotations:
D:3 1 runed translucent door, pantherbaby0's ghost, amateur DsDe


Innate Abilities, Weirdness & Mutations

You have an increased reservoir of magic. (+10% MP)


Message History

The orc hits you but does no damage. The iguana closely misses you.
a - a +3 hand crossbow (weapon)
Evoke which item? (* to show all) (? for menu, Esc to quit)
Press: ? - help, Shift-Dir - straight line, f - iguana
Aim: an iguana (moderately wounded, chance to defeat MR: 54%)
The iguana suddenly stops moving!
The orc priest mumbles some strange prayers to Beogh against you.
Pain shoots through your body!
* * * LOW HITPOINT WARNING * * *
The orc barely misses you.
Firing (i - inventory. (/) - cycle)
g - 45 bolts (quivered)
Press: ? - help, Shift-Dir - straight line, f - orc priest, p - iguana
Aim: an orc priest, wielding a +0 short sword You shoot a bolt.
The bolt hits the orc priest!
The orc priest is almost dead.
The orc priest hits you but does no damage.
The orc barely misses you.
The orc priest calls down the wrath of Beogh upon you.
Beogh smites you!
You die...

......(######.#..†####.#.
#...#<...#.#...#
#......#...#...#
#)##..####.####..#
#..[.......#<..[.#
#####..#...#.#...#
##.#...#.##..#
#l#####.#...# #o@#
#.#..## ##o## #....# #oo#
####.# ##.# #.# #o.# .#
##.# .# .# ..


You could see an iguana (paralysed), 3 orc priests and 2 orcs.

Vanquished Creatures
  6 adders
  An ooze (D:2)
  A dart slug (D:1)
  4 orcs (D:3)
  5 giant cockroaches
  3 hobgoblins
  4 jackals (D:2)
  2 quokkas
  8 bats
  4 frilled lizards
  7 goblins
  6 kobolds
  14 rats
65 creatures vanquished.

Notes
Turn   | Place    | Note
-------+----------+-------------------------------------------
     0 | D:1      | MrRokkomies the Demigod Wanderer began the quest for the
                  | Orb.
     0 | D:1      | MrRokkomies set off with the following items: a +2 hand
                  | crossbow, 29 bolts, a potion of lignification, a +0 ring
                  | mail
     0 | D:1      | Reached XP level 1. HP: 17/17 MP: 3/3
   454 | D:1      | Reached XP level 2. HP: 24/24 MP: 4/4
  1549 | D:2      | Reached XP level 3. HP: 26/30 MP: 5/5
  2828 | D:3      | Reached XP level 4. HP: 28/38 MP: 6/6
  3139 | D:3      | Found a runed translucent door.
  3142 | D:3      | Noticed pantherbaby0's ghost (amateur DsDe)
  3519 | D:4      | Killed from afar by an orc priest

Illustrated notes

Levels and vault maps discovered:
D:1:      minmay_arrival_cross, layout_basic, roderic_lattice_a
D:2:      layout_basic, minmay_tiny_reverse_x
D:3:      layout_rooms, hellmonk_ghost_happy_afterlife
D:4:      cheibrodos_fertilizer, layout_basic, grunt_temple_overflow_open

Skill      XL: |  1  2  3  4 |
---------------+-------------+-----
Fighting       | 2 3 |  3.2
Crossbows      | 2 3 |  3.2
Dodging        | 2 |  2.0
Polearms       | |  1.0
Throwing       | |  1.7
Armour         | |  1.7

Action                   |  1- 3 |  4- 6 || total
-------------------------+-------+-------++-------
Melee: Mace              |   163 |     4 ||   167
 Fire: Hand crossbow     |    18 |    31 ||    49
Evoke: Wand              |       |     1 ||     1
  Use: Scroll            |    10 |     2 ||    12
       Potion            |       |     1 ||     1
Armor: Ring mail         |   107 |       ||   107
       Scale mail        |     8 |     6 ||    14
       Chain mail        |       |     4 ||     4
Dodge: Dodged            |   153 |    12 ||   165

Table legend: (Time is in decaauts)
 A = Elapsed time spent in this place.
 B = Non-inter-level travel time spent in this place.
 C = Inter-level travel time spent in this place.
 D = Time resting spent in this place.
 E = Time spent auto-exploring this place.
 F = Levels seen in this place.
 G = Mean time per level.
                   A        B        C        D        E       F      G
               +--------+--------+--------+--------+--------+-----+--------+
         Total |   3597 |   3453 |    144 |      0 |   2871 |   4 |  899.2 |
       Dungeon |   3597 |   3453 |    144 |      0 |   2871 |   4 |  899.2 |
               +--------+--------+--------+--------+--------+-----+--------+

Top non-repeatable levels by time:
     D:1: 1470 daAuts
     D:2: 1320 daAuts
     D:3: 758 daAuts
     D:4: 48 daAuts
